 Dungeon Crawl Stone Soup version 0.32-a0-646-g91cf321817 (webtiles) character file.

Game seed: 17170328083452128224

84 GordonOverkill the Sneak (level 4, 0/27 HPs)
             Began as a Deep Elf Delver on Mar 8, 2024.
             Shot with an arrow by a centaur (10 damage)
             ... on level 6 of the Dungeon.
             The game lasted 00:01:51 (188 turns).

GordonOverkill the Sneak (Deep Elf Delver)           Turns: 188, Time: 00:01:51

Health: 0/27       AC:  4    Str:  9    XL:     4   Next: 23%
Magic:  10/10      EV: 12    Int: 17    God:
Gold:   23         SH:  0    Dex: 16    Spells: 9/9 levels left

rFire   . . .        a - +0 short sword
rCold   . . .        (no shield)
rNeg    . . .        b - +0 leather armour
rPois   .            (no helmet)
rElec   .            j - +0 cloak
rCorr   .            (no gloves)
SInv    .            (no boots)
Will    .....        (no amulet)
Stlth   +++          (no ring)
HPRegen 0.24/turn    (no ring)
MPRegen 0.12/turn

%: no passive effects
@: no status effects
A: no striking features
a: no special abilities


You were on level 6 of the Dungeon.
You visited 1 branch of the dungeon, and saw 3 of its levels.

You collected 23 gold pieces.

Inventory:

Hand Weapons
 a - a +0 short sword (weapon)
 h - a +0 mace of draining
Armour
 b - a +0 leather armour (worn)
 j - a +0 cloak (worn)
Wands
 g - a wand of digging (3)
 i - a wand of mindburst (8)
Scrolls
 c - a scroll of fog
 d - a scroll of revelation
 e - a scroll of fear
 k - a scroll of acquirement {unknown}
Potions
 f - a potion of haste
 l - a potion of curing {unknown}


   Skills:
 - Level 2.4 Fighting
 - Level 2.0 Short Blades
 - Level 2.4 Dodging
 - Level 6.0 Stealth
 - Level 3.0 Spellcasting
 + Level 1.2 Conjurations
 + Level 0.0 Air Magic
 - Level 3.0 Evocations


You had 9 spell levels left.
You didn't know any spells.
Your spell library contained the following spells:

 Spells                   Type           Power      Damage    Failure   Level
 Mercury Vapours          Alch/Air       4%         N/A       36%         2
 Mephitic Cloud           Conj/Alch/Air  3%         N/A       52%         3
 Freezing Cloud           Conj/Ice/Air   1%         6-21      99%         5


Dungeon Overview and Level Annotations

Branches:
Dungeon (7/15)
 Temple: D:4-7

Altars:


Message History

The scorpion stings you.
Found a ruby potion.
The scorpion closely misses you.
Aiming: Mindburst
Press: ? - help, Shift-Dir - straight line, f - scorpion
Aim: a scorpion (chance to affect: 75%)
The scorpion's mind is blasted!!
You blow up the scorpion!
Training target 3.0 for Evocations reached!
Your Evocations skill increases to level 3!
You need to enable at least one skill for training.
Training target 3.0 for Spellcasting reached!
Your Spellcasting skill gained 3 levels and is now at level 3!
You need to enable at least one skill for training.
Your Conjurations skill increases to level 1!
You have reached level 3!
Your experience leads to an increase in your attributes!
Increase (S)trength, (I)ntelligence, or (D)exterity?
You feel clever. x2
You have reached level 4!
You feel clever.
You pick up a book of Vapours and begin reading...
You add the spells Mercury Vapours, Mephitic Cloud and Freezing Cloud to your library.
You start resting.
Magic restored.
Okay, then.
Unknown command.
l - a ruby potion The centaur wields a +0 shortbow.
The centaur shoots an arrow.
The arrow barely misses you.
The centaur shoots an arrow.
The arrow hits you!
* * * LOW HITPOINT WARNING * * *
The centaur shoots an arrow.
The arrow hits you.
* * * LOW HITPOINT WARNING * * *
You see here a wand of roots (5).
Aiming: Mindburst
Press: ? - help, Shift-Dir - straight line, f - centaur
Aim: a centaur, wielding a +0 shortbow (chance to affect: 76%)
The centaur's mind is blasted!!
The centaur shoots an arrow.
The arrow closely misses you.
The centaur shoots an arrow.
The arrow hits you!
You die...

#..........#
#..........#
#..........#
#..........# ########
#..........# #.......
#..........# #.......
#..........###....c.
#................... .
#...........@..###. ..
######.........#
#.......# +.........#
#......<#
#.........###.......##
.......................
##..........#........#
#..........#........#
#..........##.......#
..........##.......#


You could see a centaur.

Vanquished Creatures
  A scorpion (D:6)
  2 adders
  An orc (D:6)
  A quokka (D:6)
5 creatures vanquished.

Notes
Turn   | Place    | Note
-------+----------+-------------------------------------------
     0 | D:5      | GordonOverkill the Deep Elf Delver began the quest for the
                  | Orb.
     0 | D:5      | Reached XP level 1. HP: 13/13 MP: 3/3
     7 | D:5      | Noticed a sleepcap
     9 | D:5      | Noticed a bombardier beetle
    14 | D:6      | Reached XP level 2. HP: 18/18 MP: 4/4
   106 | D:6      | Noticed a scorpion
   112 | D:6      | Noticed a centaur
   118 | D:6      | Killed a scorpion
   119 | D:6      | Reached skill level 1 in Conjurations
   119 | D:6      | Reached XP level 3. HP: 22/22 MP: 4/9
   119 | D:6      | Reached XP level 4. HP: 27/27 MP: 4/10
   188 | D:6      | Shot with an arrow by a centaur

Illustrated notes

Levels and vault maps discovered:
D:5:      layout_cave_pools, nicolae_overflow_crystal_walls,
          minmay_temple_entry_crystal_x, ebering_ghost_gozag, st_stairs_10,
          kennysheep_generic_room_9, uniq_edmund
D:6:      layout_basic, serial_curves, eino_curves_03, eino_curves_04
D:7:      layout_gridville, grunt_temple_overflow_diamond, old_standard_altar,
          uniq_maurice

Skill      XL: |  1  2 |
---------------+-------+-----
Evocations     | 2 3 |  3.0
Spellcasting   | 3 |  3.0
Conjurations   | 1 |  1.2
Fighting       | |  2.4
Short Blades   | |  2.0
Dodging        | |  2.4
Stealth        | |  6.0

Action                     |  1- 3 |  4- 6 || total
---------------------------+-------+-------++-------
  Melee: Short sword       |     7 |       ||     7
  Evoke: Wand              |     2 |     1 ||     3
   Stab: Sleeping          |     1 |       ||     1
 Armour: Leather armour    |     2 |     3 ||     5
  Dodge: Dodged            |     7 |     2 ||     9

Table legend: (Time is in decaauts)
 A = Elapsed time spent in this place.
 B = Non-inter-level travel time spent in this place.
 C = Inter-level travel time spent in this place.
 D = Time resting spent in this place.
 E = Time spent auto-exploring this place.
 F = Levels seen in this place.
 G = Mean time per level.
                   A        B        C        D        E       F      G
               +--------+--------+--------+--------+--------+-----+--------+
         Total |    187 |    187 |      0 |     47 |      0 |   3 |   62.3 |
       Dungeon |    187 |    187 |      0 |     47 |      0 |   3 |   62.3 |
               +--------+--------+--------+--------+--------+-----+--------+

Top non-repeatable levels by time:
     D:6: 139 daAuts
     D:7: 28 daAuts
     D:5: 19 daAuts
